 Dungeon Crawl Stone Soup version 0.28.0-47-ge53b351184 (webtiles) character file.

Game seed: 2891627855797640941

88 pkoi the Conjurer (level 4, -3/33 HPs)
             Began as a Demigod Hedge Wizard on May 9, 2022.
             Slain by a gnoll
             ... wielding a +0 flail
              (6 damage)
             ... on level 2 of the Dungeon.
             The game lasted 00:02:53 (3984 turns).

pkoi the Conjurer (Demigod Hedge Wizard)            Turns: 3984, Time: 00:02:54

Health: -3/33      AC:  3    Str: 11    XL:     4   Next: 8%
Magic:  10/10      EV: 12    Int: 20    God:
Gold:   78         SH:  0    Dex: 13    Spells: 2/8 levels left

rFire   . . .      SeeInvis .   i - +1 quarterstaff (spect)
rCold   . . .      Faith    .   (shield currently unavailable)
rNeg    . . .      Spirit   .   b - +0 robe
rPois   .          Reflect  .   c - +0 hat
rElec   .          Harm     .   (no cloak)
rCorr   .          Rampage  .   (no gloves)
Will    .....                   d - +0 pair of boots
Stlth   ++........              (no amulet)
HPRegen 0.11/turn               (no ring)
MPRegen 0.12/turn               (no ring)

@: no status effects
A: high MP 1, forlorn, divine attributes
a: no special abilities


You were on level 2 of the Dungeon.
You visited 1 branch of the dungeon, and saw 2 of its levels.

You collected 78 gold pieces.

Inventory:

Hand Weapons
 a - a +0 dagger
 i - a +1 spectral quarterstaff (weapon)
Armour
 b - a +0 robe (worn)
 c - a +0 hat (worn)
 d - a +0 pair of boots (worn)
Scrolls
 e - 2 scrolls of enchant weapon {unknown}
 h - a scroll of vulnerability {unknown}
Potions
 f - a potion of degeneration {unknown}
 g - 3 potions of berserk rage {unknown}


   Skills:
 + Level 0.0 Staves
 - Level 1.7 Dodging
 - Level 1.7 Stealth
 - Level 2.6 Spellcasting
 + Level 3.1 Conjurations
 - Level 0.8 Summonings
 + Level 1.4 Translocations
 + Level 0.9 Air Magic
 + Level 0.9 Poison Magic


You had 2 spell levels left.
You knew the following spells:

 Your Spells              Type           Power      Damage    Failure   Level
a - Magic Dart            Conj           60%        1d6       4%          1
b - Blink                 Tloc           16%        N/A       13%         2
c - Mephitic Cloud        Conj/Pois/Air  9%         N/A       22%         3

Your spell library contained the following spells:

 Spells                   Type           Power      Damage    Failure   Level
 Slow                     Hex            8%         N/A       14%         1
 Call Imp                 Summ           6%         N/A       16%         2
 Conjure Flame            Conj/Fire      9%         6-21      22%         3


Dungeon Overview and Level Annotations

Branches:
Dungeon (2/15)


Innate Abilities, Weirdness & Mutations

You have an increased reservoir of magic. (+10% MP)
You shall have no god before yourself.
Your divine heritage dramatically boosts your attributes as you level up.


Message History

The gnoll is severely wounded.
Your +1 spectral quarterstaff hits the gnoll!
You kill the gnoll!
You have reached level 4!
You start resting.
HP restored.
You climb downwards.
The gnoll barely misses you. The gnoll completely misses you.
There is a stone staircase leading up, spattered with blood here.
Unknown command.
You barely miss the gnoll.
Your +1 spectral quarterstaff hits the gnoll!
The gnoll throws a throwing net.
The throwing net hits you.
You become entangled in the net!
The gnoll hits you with a +0 flail!
* * * LOW HITPOINT WARNING * * *
Unknown command.
You struggle against the net.
The gnoll hits you with a +0 flail.
* * * LOW HITPOINT WARNING * * *
The gnoll barely misses you.
Unknown command.
You struggle against the net.
The gnoll hits you with a +0 flail!
* * * LOW HITPOINT WARNING * * *
The gnoll hits you with a +0 flail.
* * * LOW HITPOINT WARNING * * *
Unknown command.
Unknown command.
You struggle against the net.
The gnoll hits you with a +0 flail.
* * * LOW HITPOINT WARNING * * *
The gnoll barely misses you.
Unknown command.
Unknown command.
Unknown command.
You struggle against the net.
The gnoll barely misses you. x2
Unknown command.
You struggle against the net.
The gnoll hits you with a +0 flail!
* * * LOW HITPOINT WARNING * * *
The gnoll hits you but does no damage.
Unknown command.
You shred the net and break free! The gnoll hits you with a +0 flail.
You die...

#...##.........#..#
..#...............#
.......#..........######
....)#...##............#
.....#.####............#
.......####....##.###..#
.....####......##.# ####
...).###..#....##.######
...............g@.)....#
...............#.g.....#
...............#.......#
....#..........#.......#
.####..........#########
.####..........#
...##..........#
##.##..........#
##....###.######


You could see 2 gnolls.

Vanquished Creatures
  4 gnolls
  3 worms (D:2)
  5 endoplasms
  2 giant cockroaches (D:1)
  4 goblins
  4 hobgoblins
  A jackal (D:1)
  2 quokkas
  2 ball pythons (D:1)
  2 bats
  5 frilled lizards
  5 kobolds
  A rat (D:1)
40 creatures vanquished.

Notes
Turn   | Place    | Note
-------+----------+-------------------------------------------
     0 | D:1      | pkoi the Demigod Hedge Wizard began the quest for the Orb.
     0 | D:1      | Reached XP level 1. HP: 14/14 MP: 6/6
    61 | D:1      | Reached skill level 1 in Conjurations
   471 | D:1      | Reached skill level 2 in Conjurations
   590 | D:1      | Reached XP level 2. HP: 20/20 MP: 6/8
  2269 | D:2      | Reached XP level 3. HP: 15/26 MP: 5/9
  2409 | D:2      | Learned a level 2 spell: Blink
  2413 | D:2      | Learned a level 3 spell: Mephitic Cloud
  2824 | D:2      | Reached skill level 1 in Translocations
  3011 | D:1      | Reached skill level 3 in Conjurations
  3970 | D:1      | Reached XP level 4. HP: 32/33 MP: 10/10
  3984 | D:2      | Slain by a gnoll

Illustrated notes

Levels and vault maps discovered:
D:1:      dpeg_arrival_brainrot, layout_loops_ring,
          shapermc_ecumenical_altar_mp_urbaneastern, minmay_misc_feat_rows,
          minivault_11, nicolae_figureground_pulse
D:2:      layout_rooms, chequers_serial_rivers_micro_d

Skill      XL: |  1  2  3 |
---------------+----------+-----
Conjurations   | 2 3 |  3.1
Translocations | 1 |  1.4
Dodging        | |  1.7
Stealth        | |  1.7
Spellcasting   | |  2.6
Summonings     | |  0.8
Air Magic      | |  0.9
Poison Magic   | |  0.9

Action                   |  1- 3 |  4- 6 || total
-------------------------+-------+-------++-------
Melee: Dagger            |    19 |       ||    19
       Quarterstaff      |     3 |     1 ||     4
 Cast: Magic Dart        |   129 |       ||   129
Armor: Robe              |    20 |     1 ||    21
Dodge: Dodged            |    34 |     6 ||    40
